 Dungeon Crawl Stone Soup version 0.29-a0-414-g5075937ec3 (webtiles) character file.

Game seed: 976981341117280568

79 trckry the Twirler (level 4, -9/32 HPs)
             Began as a Demonspawn Wanderer on May 15, 2022.
             Was a Follower of Dithmenos.
             Killed by nerve-wracking pain
             ... invoked by Grinder
              (14 damage)
             ... on level 3 of the Dungeon.
             The game lasted 00:04:43 (1948 turns).

trckry the Twirler (Demonspawn Wanderer)            Turns: 1948, Time: 00:04:44

Health: -9/32      AC:  8    Str: 13    XL:     4   Next: 17%
Magic:  6/7        EV: 11    Int: 22    God:    Dithmenos [*.....]
Gold:   169        SH:  5    Dex: 11    Spells: 6/7 levels left

rFire   . . .      SeeInvis .   a - +2 quarterstaff
rCold   . . .      Faith    .   (shield currently unavailable)
rNeg    . . .      Spirit   .   e - +0 robe
rPois   +          Reflect  +   o - +0 helmet
rElec   .          Harm     .   l - +1 cloak
rCorr   .          Rampage  .   (no gloves)
Will    .....                   m - +0 pair of boots
Stlth   +.........              h - amulet of reflection
HPRegen 0.10/turn               g - ring of poison resistance
MPRegen 0.20/turn               i - +6 ring of intelligence

@: wreathed by umbra
A: thin metallic scales 1, magic regeneration
a: Renounce Religion


You were on level 3 of the Dungeon.
You worshipped Dithmenos.
Dithmenos was aware of your devotion.
You visited 1 branch of the dungeon, and saw 3 of its levels.

You collected 169 gold pieces.

Inventory:

Hand Weapons
 a - a +2 quarterstaff (weapon)
 c - a +0 dagger
Missiles
 b - 7 boomerangs (quivered)
Armour
 e - a +0 robe (worn)
 l - a +1 cloak (worn)
 m - a +0 pair of boots (worn)
 o - a +0 helmet (worn)
Jewellery
 g - a ring of poison resistance (left hand)
 h - an amulet of reflection (around neck)
 i - a +6 ring of intelligence (right hand)
Scrolls
 f - a scroll of vulnerability {unknown}
 k - 3 scrolls of identify {unknown}
Potions
 d - a potion of curing
 j - a potion of might {unknown}
 n - a potion of resistance {unknown}
 p - a potion of cancellation {unknown}
 q - a potion of heal wounds {unknown}
 r - a potion of invisibility {unknown}


   Skills:
 + Level 1.5 Fighting
 * Level 2.4 Staves
 - Level 1.7 Throwing
 + Level 1.4 Armour
 + Level 1.3 Dodging
 + Level 2.4 Spellcasting
 * Level 2.0 Summonings
 * Level 1.0 Invocations


You had 6 spell levels left.
You knew the following spells:

 Your Spells              Type           Power      Damage    Failure   Level
a - Summon Small Mammal   Summ           44%        N/A       6%          1

Your spell library contained the following spells:

 Spells                   Type           Power      Damage    Failure   Level
 Call Canine Familiar     Summ           11%        N/A       17%         3
 Animate Dead             Necr           1%         N/A       78%         4
 Borgnjor's Vile Clutch   Necr/Erth      1%         N/A       98%         5
 Death Channel            Necr           1%         N/A       100%        6


Dungeon Overview and Level Annotations

Branches:
Dungeon (3/15)

Altars:
Dithmenos

Annotations:
D:3 Grinder


Innate Abilities, Weirdness & Mutations

You are partially covered in thin metallic scales. (AC +2)
You regenerate magic rapidly.


Message History

You now have 5/7 mp.
Okay, then.
Unknown command.
Grinder gestures at you.
You shrug off the repeated paralysis!
Your rat bites Grinder but does no damage.
Your rat bites Grinder.
You hit Grinder but do no damage.
Grinder is lightly wounded.
Grinder hits you.
You writhe in agony.
Your rat bites Grinder but does no damage. x2
You take 6 damage, and have 26/32 hp.
You sock Grinder!
Grinder is moderately wounded.
Grinder hits you.
You writhe in agony.
Your rat bites Grinder but does no damage.
Your rat barely misses Grinder.
Grinder gestures at you. Pain shoots through your body!
You take 12 damage, and have 14/32 hp.
MASSIVE DAMAGE!!
You barely miss Grinder.
Grinder is moderately wounded.
Your rat bites Grinder. x2; Grinder hits you but does no damage.
You closely miss Grinder.
Grinder is moderately wounded.
Your rat bites Grinder. x2; Grinder hits you!
* * * LOW HITPOINT WARNING * * *
You take 9 damage, and have 5/32 hp.
MASSIVE DAMAGE!!
MP restored: 7 Your rat barely misses Grinder. x2; Grinder hits your rat!
Your rat dies!
Your rat's corpse disappears in a puff of smoke!
Casting: Summon Small Mammal (safe; 6% risk of failure)
Confirm with . or Enter, or press ? or * to list all spells.
Your rat barely misses Grinder.
You now have 6/7 mp.
Your bat closely misses Grinder.
Grinder gestures at you. Pain shoots through your body!
You die...

# #.†####.#.#.....## .
####..## #.#........##.#
.......###.#..........
.##..#.##........!...
...................#
.##..##.#.....#...#
.##........#..#5r#
...............b.#####.#
###.###.#.......@......#
#.# #.#.###?##.#######
#.# #....##.##... #.#
#)......##.### #.#
##...#####.# #. ##.##
#.# #.# #.# #.# ..# #.#


You could see Grinder (ally target), a friendly bat (summoned) and a friendly
rat (summoned).

Vanquished Creatures
  Jessica (D:3)
  2 adders
  2 worms
  3 ball pythons
  3 endoplasms
  A giant cockroach (D:2)
  3 goblins
  3 hobgoblins
  A quokka (D:1)
  5 bats
  2 frilled lizards
  5 kobolds
  3 rats
34 creatures vanquished.

Notes
Turn   | Place    | Note
-------+----------+-------------------------------------------
     0 | D:1      | trckry the Demonspawn Wanderer began the quest for the Orb.
     0 | D:1      | trckry set off with the following items: a +2 quarterstaff,
                  | 7 boomerangs, a +0 dagger, a potion of curing, a +0 robe;
                  | and the following spell memorised: Summon Small Mammal; and
                  | the following spells available to memorise: Call Canine
                  | Familiar
     0 | D:1      | Reached XP level 1. HP: 15/15 MP: 3/3
   122 | D:1      | Found a faded altar of an unknown god.
   129 | D:1      | Prayed at the altar of an unknown god.
   129 | D:1      | Became a worshipper of Dithmenos the Shadowed
   129 | D:1      | Reached * piety under Dithmenos
   501 | D:1      | Gained mutation: You are partially covered in thin metallic
                  | scales. (AC +2) [demonic ancestry]
   501 | D:1      | Reached XP level 2. HP: 19/21 MP: 5/5
   962 | D:2      | Reached XP level 3. HP: 20/26 MP: 6/6
  1514 | D:3      | Noticed Jessica
  1676 | D:3      | Killed Jessica
  1845 | D:3      | Reached skill level 1 in Invocations
  1845 | D:3      | Gained mutation: You regenerate magic rapidly. [demonic
                  | ancestry]
  1845 | D:3      | Reached XP level 4. HP: 32/32 MP: 7/7
  1933 | D:3      | Noticed Grinder
  1937 | D:3      | Paralysed by Grinder for 3 turns
  1948 | D:3      | Killed from afar by Grinder

Illustrated notes

Levels and vault maps discovered:
D:1:      wheals_arrival_shading, layout_loops_ring,
          hellmonk_ecumenical_altar_run_dry, minivault_23, lemuel_old_faithful
D:2:      layout_rooms
D:3:      layout_loops_ring, nicolae_overflow_ecumenical_swirl, tso_altar,
          uniq_sigmund, uniq_natasha, uniq_jessica, uniq_grinder, uniq_robin

Skill      XL: |  1  2  3 |
---------------+----------+-----
Staves         | 2 |  2.4
Summonings     | 2 |  2.0
Invocations    | 1 |  1.0
Fighting       | |  1.5
Throwing       | |  1.7
Armour         | |  1.4
Dodging        | |  1.3
Spellcasting   | |  2.4

Action                   |  1- 3 |  4- 6 || total
-------------------------+-------+-------++-------
Melee: Quarterstaff      |    98 |     9 ||   107
 Cast: Summon Small Mamm |       |     3 ||     3
Armor: Robe              |    28 |     1 ||    29
Dodge: Dodged            |    63 |     1 ||    64
Block: Other             |    23 |       ||    23
       Reflection        |     2 |       ||     2

Table legend: (Time is in decaauts)
 A = Elapsed time spent in this place.
 B = Non-inter-level travel time spent in this place.
 C = Inter-level travel time spent in this place.
 D = Time resting spent in this place.
 E = Time spent auto-exploring this place.
 F = Levels seen in this place.
 G = Mean time per level.
                   A        B        C        D        E       F      G
               +--------+--------+--------+--------+--------+-----+--------+
         Total |   1968 |   1961 |      7 |    153 |   1408 |   3 |  656.0 |
       Dungeon |   1968 |   1961 |      7 |    153 |   1408 |   3 |  656.0 |
               +--------+--------+--------+--------+--------+-----+--------+

Top non-repeatable levels by time:
     D:2: 881 daAuts
     D:1: 802 daAuts
     D:3: 285 daAuts
